 Dungeon Crawl Stone Soup version 0.30-a0-862-g1aabd4f9c5 (webtiles) character file.

Game seed: 10779191768516628034

228 MacCMillion the Chopper (level 5, -3/48 HPs)
             Began as a Minotaur Cinder Acolyte on Mar 9, 2023.
             Was a High Priest of Ignis.
             Slain by a gnoll
             ... wielding a +0 spear
             ... led by a gnoll bouda
              (5 damage)
             ... on level 3 of the Dungeon.
             The game lasted 00:04:15 (2117 turns).

MacCMillion the Chopper (Minotaur Cinder Acolyte)   Turns: 2117, Time: 00:04:15

Health: -3/48      AC:  7    Str: 20    XL:     5   Next: 70%
Magic:  5/5        EV:  9    Int: 11    God:    Ignis [*****.]
Gold:   131        SH:  0    Dex:  6    Spells: 6/6 levels left

rFire   + . .      SeeInvis .    a - -1 hand axe (flame)
rCold   . . .      Faith    .    (no shield)
rNeg    . . .      Spirit   .    e - +0 scale mail
rPois   +          Reflect  .    (helmet restricted)
rElec   .          Rampage  .    (no cloak)
rCorr   .                        (no gloves)
Will    .....                    q - +0 pair of boots Stlth
                                 (no amulet)
HPRegen 0.28/turn                h - ring of poison resistance
MPRegen 0.09/turn                (no ring)

@: rising, flying
A: horns 2, retaliatory headbutt
a: Renounce Religion, Fiery Armour, Foxfire Swarm


You were on level 3 of the Dungeon.
You worshipped Ignis.
Ignis was extremely pleased with you.
You visited 1 branch of the dungeon, and saw 3 of its levels.

You collected 131 gold pieces.

Inventory:

Hand Weapons
 a - a -1 hand axe of flaming (weapon)
 r - a +0 war axe
Missiles
 l - 3 curare-tipped darts (quivered)
Armour
 e - a +0 scale mail (worn)
 q - a +0 pair of boots (worn)
Jewellery
 g - a ring of ice
 h - a ring of poison resistance (left hand)
Scrolls
 c - a scroll of fog {unknown}
 i - a scroll of brand weapon {unknown}
 j - 2 scrolls of blinking {unknown}
 m - a scroll of identify {unknown}
 p - a scroll of poison {unknown}
 s - a scroll of fear {unknown}
 t - a scroll of enchant weapon {unknown}
Potions
 b - a potion of curing {unknown}
 d - a potion of ambrosia {unknown}
 f - a potion of mutation {unknown}
 k - a potion of heal wounds {unknown}
 n - a potion of magic {unknown}
 o - a potion of brilliance {unknown}


   Skills:
 - Level 5.0 Fighting
 * Level 6.7 Axes
 + Level 1.8 Armour
 - Level 1.0 Spellcasting
 - Level 2.1 Fire Magic


You had 6 spell levels left.
You didn't know any spells.
Your spell library contained the following spells:

 Spells                   Type           Power      Damage    Failure   Level
 Scorch                   Fire           10%        2d5       50%         2
 Beastly Appendage        Tmut           0%         N/A       67%         1
 Slow                     Hex            0%         N/A       67%         1
 Passwall                 Tmut/Erth      0%         N/A       80%         2
 Wereblood                Tmut           0%         N/A       80%         2
 Confusing Touch          Hex            0%         N/A       95%         3
 Spider Form              Tmut/Pois      0%         N/A       95%         3
 Vampiric Draining        Necr           0%         2d6       95%         3
 Vhi's Electric Charge    Tloc/Air       0%         N/A       95%         3
 Flame Wave               Conj/Fire      2%         2d4       99%         4
 Iron Shot                Conj/Erth      0%         9d1       100%        6
 Summon Cactus Giant      Summ           0%         N/A       100%        6
 Shatter                  Erth           0%         3d5*      100%        9


Dungeon Overview and Level Annotations

Branches:
Dungeon (3/15)

Altars:

Annotations:
D:2 1 runed translucent door, Crazy Yiuf


Innate Abilities, Weirdness & Mutations

You have a pair of horns on your head.
You reflexively headbutt those who attack you in melee.


Message History

The gnoll bouda hits you with a +3 whip.
The gnoll hits you from afar with a +0 spear.
You hit the gnoll bouda. You burn the gnoll bouda.
The gnoll bouda is heavily wounded.
The gnoll bouda hits you with a +3 whip.
The gnoll hits you but does no damage.
A gnoll comes into view. It is wielding a +1 mace of protection.
You hit the gnoll bouda but do no damage.
Your headbutt misses the gnoll bouda.
The gnoll bouda is heavily wounded.
The gnoll bouda hits you but does no damage.
The gnoll hits you but does no damage.
You hit the gnoll bouda but do no damage.
Your headbutt misses the gnoll bouda.
The gnoll bouda is heavily wounded.
The gnoll bouda hits you with a +3 whip!
The gnoll hits you from afar with a +0 spear.
You closely miss the gnoll bouda. You headbutt the gnoll bouda.
The gnoll bouda is heavily wounded.
The gnoll bouda hits you with a +3 whip.
* * * LOW HITPOINT WARNING * * *
The gnoll closely misses you.
You hit the gnoll bouda. You burn the gnoll bouda.
The gnoll bouda is heavily wounded.
The gnoll bouda hits you with a +3 whip.
* * * LOW HITPOINT WARNING * * *
The gnoll hits you from afar with a +0 spear.
* * * LOW HITPOINT WARNING * * *
You hit the gnoll bouda. You burn the gnoll bouda.
The gnoll bouda is almost dead.
The gnoll bouda closely misses you. You furiously retaliate!
You headbutt the gnoll bouda.
You kill the gnoll bouda!
The gnoll hits you from afar with a +0 spear.
* * * LOW HITPOINT WARNING * * *
Okay, then.
Okay, then.
You begin to rise into the air.
The gnoll is no longer moving quickly.
The gnoll hits you from afar with a +0 spear.
You die...

#######.###.####.####.# #..
#.# #.####.####.#
##..#######.# #............
...........###.##.#..###.#
#....................###.#
#..####.##.#.............. #
#..# #.##.##..##.#..###.#
#.#.#..####.##.##..##.#..###.#
#........)ggg@................
#.#.#..####.##.##..##.#.......
+...............[..##.#.##....
#.......###.##.##........##..#
#.#.#..####.##.##.###.#...†.##
#..............##.# #.#.######
#...g.........###.###...#####.
#. g#..####.#.###.##..#.#...##
#.............................


You could see 3 gnolls.

Vanquished Creatures
  A gnoll bouda (D:3)
  Jessica (D:2)
  Natasha (D:2)
  An iguana (D:3)
  Robin (D:2)
  A gnoll (D:3)
  3 adders
  A worm (D:2)
  3 dart slugs
  An orc (D:3)
  2 endoplasms
  2 giant cockroaches (D:1)
  13 goblins
  6 hobgoblins
  7 jackals
  4 quokkas
  3 ball pythons
  5 bats
  3 frilled lizards
  2 kobolds
  4 rats
65 creatures vanquished.

Vanquished Creatures (others)
  6 fungi (D:2)
  5 plants (D:2)
11 creatures vanquished.

Grand Total: 76 creatures vanquished

Notes
Turn   | Place    | Note
-------+----------+-------------------------------------------
     0 | D:1      | MacCMillion the Minotaur Cinder Acolyte began the quest for
                  | the Orb.
     0 | D:1      | Reached XP level 1. HP: 19/19 MP: 1/1
   168 | D:1      | Reached skill level 4 in Axes
   205 | D:1      | Reached XP level 2. HP: 27/27 MP: 2/2
   611 | D:2      | Noticed Jessica
   630 | D:2      | Killed Jessica
   631 | D:2      | Reached skill level 5 in Axes
   631 | D:2      | Reached XP level 3. HP: 34/34 MP: 3/3
   932 | D:2      | Reached XP level 4. HP: 41/41 MP: 4/4
   962 | D:2      | Got the Annotations on the Lofty Volcano
  1050 | D:2      | Noticed Robin
  1073 | D:2      | Killed Robin
  1182 | D:2      | Found a runed translucent door.
  1183 | D:2      | Noticed Crazy Yiuf
  1368 | D:2      | Found a faded altar of an unknown god.
  1375 | D:2      | Noticed Natasha
  1391 | D:2      | Killed Natasha
  1392 | D:2      | Reached skill level 6 in Axes
  1744 | D:3      | Reached XP level 5. HP: 13/47 MP: 5/5
  1923 | D:3      | Reached skill level 5 in Fighting
  1923 | D:3      | Reached skill level 1 in Armour
  2115 | D:3      | HP: 1/48 [gnoll/+0 spear[a gnoll bouda] (5)]
  2117 | D:3      | Slain by a gnoll

Illustrated notes

Levels and vault maps discovered:
D:1:      mrwooster_arrival_statue_3, layout_basic
D:2:      layout_loops_ring, dreamdust_ecumenical_altar_grove, uniq_natasha,
          uniq_crazy_yiuf_cottage, uniq_robin, uniq_jessica
D:3:      layout_basic, portal_sewer_entry_c, minmay_door_square

Skill      XL: |  1  2  3  4  5 |
---------------+----------------+-----
Axes           | 4 5 6 |  6.7
Fighting       | 4 5 |  5.0
Armour         | 1 |  1.8
Spellcasting   | |  1.0
Fire Magic     | |  2.1

Action                     |  1- 3 |  4- 6 || total
---------------------------+-------+-------++-------
  Melee: Hand axe          |    76 |    80 ||   156
         Headbutt          |    14 |    12 ||    26
 Invoke: Rising Flame      |       |     1 ||     1
 Armour: Scale mail        |    36 |    29 ||    65
  Dodge: Dodged            |    35 |    27 ||    62

Table legend: (Time is in decaauts)
 A = Elapsed time spent in this place.
 B = Non-inter-level travel time spent in this place.
 C = Inter-level travel time spent in this place.
 D = Time resting spent in this place.
 E = Time spent auto-exploring this place.
 F = Levels seen in this place.
 G = Mean time per level.
                   A        B        C        D        E       F      G
               +--------+--------+--------+--------+--------+-----+--------+
         Total |   2121 |   2046 |     75 |    311 |   1281 |   3 |  707.0 |
       Dungeon |   2121 |   2046 |     75 |    311 |   1281 |   3 |  707.0 |
               +--------+--------+--------+--------+--------+-----+--------+

Top non-repeatable levels by time:
     D:2: 1067 daAuts
     D:1: 611 daAuts
     D:3: 442 daAuts
